 Dungeon Crawl Stone Soup version 0.28-a0-1412-gf95308ed99 (webtiles) character file.

Game seed: 7292010904700907361

177 HoaS the Twirler (level 5, -3/30 HPs)
             Began as a Gargoyle Gladiator on Jan 6, 2022.
             Slain by an orc warrior (4 damage)
             ... on level 4 of the Dungeon.
             The game lasted 00:10:17 (2543 turns).

HoaS the Twirler (Gargoyle Gladiator)               Turns: 2543, Time: 00:10:17

Health: -3/30      AC: 15    Str: 20    XL:     5   Next: 57%
Magic:  5/5        EV: 11    Int:  8    God:
Gold:   142        SH:  0    Dex: 11    Spells: 4/4 levels left

rFire   + . .      SeeInvis +   a - +0 quarterstaff
rCold   . . .      Faith    .   (shield currently unavailable)
rNeg    + . .      Spirit   .   n - +2 ring mail {rF+}
rPois   ∞          Reflect  .   c - +2 helmet
rElec   +          Harm     .   o - +0 cloak
rCorr   .          Rampage  .   (no gloves)
Will    +....                   (no boots)
Stlth   +.........              (no amulet)
HPRegen 0.10/turn               k - ring of see invisible
MPRegen 0.09/turn               l - ring of willpower

@: no status effects
A: sickness immunity, AC +4, negative energy resistance 1, electricity
resistance, torment resistance 1, petrification resistance
a: no special abilities


You were on level 4 of the Dungeon.
You visited 1 branch of the dungeon, and saw 4 of its levels.

You collected 142 gold pieces.

Inventory:

Hand Weapons
 a - a +0 quarterstaff (weapon)
Missiles
 e - 50 arrows
 f - 28 bolts
 h - 6 boomerangs (quivered)
Armour
 c - a +2 helmet (worn)
 n - a +2 ring mail of fire resistance (worn)
 o - a +0 cloak (worn)
Jewellery
 b - a ring of ice
 k - a ring of see invisible (left hand)
 l - a ring of willpower (right hand)
Wands
 q - a wand of flame (25)
Scrolls
 m - a scroll of enchant armour
 p - 2 scrolls of identify
Potions
 g - a potion of lignification
 j - 6 potions of heal wounds


   Skills:
 - Level 2.1 Fighting
 + Level 6.1 Staves
 - Level 1.7 Throwing
 - Level 2.4 Dodging


You had 4 spell levels left.
You didn't know any spells.
Your spell library contained the following spells:

 Spells                   Type           Power      Damage    Failure   Level
 Passwall                 Tmut/Erth      0%         N/A       75%         2
 Swiftness                Air            0%         N/A       92%         3


Dungeon Overview and Level Annotations

Branches:
Dungeon (4/15)
 Temple: D:4-7

Altars:


Innate Abilities, Weirdness & Mutations

You are immune to sickness and miasma.
Your stone body is resilient. (AC +4)
You are immune to poison.
You resist negative energy. (rN+)
You are resistant to electric shocks. (rElec)
You are resistant to unholy torment.
You are immune to petrification.


Message History

The orc wizard hits you but does no damage.
You sock the orc wizard!
The orc wizard is severely wounded.
The orc wizard closely misses you.
You barely miss the orc wizard.
The orc wizard is severely wounded.
The orc wizard points at you and mumbles some strange words.
You are confused.
You miss the orc wizard.
The orc wizard is severely wounded.
You throw a throwing net.
Unknown command.
Unknown command.
Unknown command.
You feel better.
The orc warrior hits you but does no damage.
You throw a throwing net.
The throwing net closely misses the orc warrior.
The throwing net hits the orc wizard.
The orc wizard is caught in the net!
The orc wizard is severely wounded.
The orc wizard gestures wildly while chanting.
The orc wizard flickers and vanishes for a moment.
The orc wizard struggles against the net.
You throw a boomerang. The boomerang hits the orc warrior.
The orc warrior is moderately wounded.
The orc warrior hits you with a +0 vampiric war axe. x2
You throw a boomerang. The boomerang hits the orc warrior.
The orc warrior is moderately wounded.
The orc wizard struggles against the net.
The orc warrior hits you with a +0 vampiric war axe!
You hit the orc warrior.
The orc warrior is moderately wounded.
The orc wizard struggles against the net.
The orc warrior hits you with a +0 vampiric war axe!
* * * LOW HITPOINT WARNING * * *
You hit the orc warrior but do no damage.
The orc warrior is moderately wounded.
The orc wizard struggles against the net.
The orc warrior hits you with a +0 vampiric war axe.
You die...

####.#####...##
#..^....#..#.##
#.##.##...###.≈
#.##.##..###≈≈≈
#.##.##...#≈≈≈≈
#.#####.##.##..#.≈#≈≈
#..........##...≈≈≈≈≈
#.#########.#####..≈≈≈≈≈≈
#....ooo@...# #..≈≈≈≈≈≈
#$(...####### #...≈≈≈≈≈
#.... #.#≈≈≈≈≈≈ ....
#.#†≈≈≈≈≈ #.. #.##≈≈≈≈≈
#. #>##.≈≈≈≈ # #...#≈≈≈≈
#..###≈w≈ #.####..≈


You could see an orc warrior, an orc wizard (invisible, caught) and an orc.

Vanquished Creatures
  A hound (D:4)
  Crazy Yiuf (D:2)
  Terence (D:2)
  A gnoll (D:1)
  2 adders
  An adder skeleton (D:4)
  8 dart slugs
  An orc (D:3)
  2 endoplasms (D:1)
  2 giant cockroaches
  4 goblins
  3 hobgoblins
  2 jackals (D:2)
  3 kobolds
  4 quokkas
  4 ball pythons
  4 bats
  6 rats
50 creatures vanquished.

Notes
Turn   | Place    | Note
-------+----------+-------------------------------------------
     0 | D:1      | HoaS the Gargoyle Gladiator began the quest for the Orb.
     0 | D:1      | Reached XP level 1. HP: 12/12 MP: 1/1
   134 | D:1      | Reached XP level 2. HP: 17/17 MP: 2/2
   384 | D:1      | Found a faded altar of an unknown god.
   482 | D:1      | Reached skill level 4 in Staves
   482 | D:1      | Reached XP level 3. HP: 21/21 MP: 3/3
  1062 | D:2      | Noticed Terence
  1082 | D:2      | Killed Terence
  1083 | D:2      | Reached skill level 5 in Staves
  1083 | D:2      | Reached XP level 4. HP: 25/26 MP: 4/4
  1203 | D:2      | Found a runed translucent door.
  1204 | D:2      | Noticed Crazy Yiuf
  1642 | D:2      | Killed Crazy Yiuf
  1811 | D:3      | Reached XP level 5. HP: 27/30 MP: 5/5
  2528 | D:4      | Noticed an orc warrior
  2533 | D:4      | Reached skill level 6 in Staves
  2542 | D:4      | HP: 1/30 [orc warrior (7)]
  2543 | D:4      | Slain by an orc warrior

Illustrated notes

Levels and vault maps discovered:
D:1:      mainiacjoe_arrival_reflecting_pool, layout_loops_ring,
          shapermc_ecumenical_altar_mp_ritualfount, supply_closet_lemuel
D:2:      layout_basic, roderic_lattice_a, uniq_crazy_yiuf_cottage, uniq_terence
D:3:      layout_basic, minmay_misc_feat_hallway
D:4:      kennysheep_slugbush, layout_loops_ring, lightli_temple_of_fire,
          minmay_misc_feat_pillars

Skill      XL: |  1  2  3  4  5 |
---------------+----------------+-----
Staves         | 4 5 6 |  6.1
Fighting       | |  2.1
Throwing       | |  1.7
Dodging        | |  2.4

Action                   |  1- 3 |  4- 6 || total
-------------------------+-------+-------++-------
Melee: Quarterstaff      |    73 |    73 ||   146
Throw: Throwing net      |       |     4 ||     4
       Boomerang         |       |     2 ||     2
  Use: Scroll            |     5 |     4 ||     9
       Potion            |       |     1 ||     1
Armor: Leather armour    |     7 |       ||     7
       Ring mail         |    21 |    54 ||    75
Dodge: Dodged            |    41 |    52 ||    93

Table legend: (Time is in decaauts)
 A = Elapsed time spent in this place.
 B = Non-inter-level travel time spent in this place.
 C = Inter-level travel time spent in this place.
 D = Time resting spent in this place.
 E = Time spent auto-exploring this place.
 F = Levels seen in this place.
 G = Mean time per level.
                   A        B        C        D        E       F      G
               +--------+--------+--------+--------+--------+-----+--------+
         Total |   2560 |   2448 |    112 |    123 |   1831 |   4 |  640.0 |
       Dungeon |   2560 |   2448 |    112 |    123 |   1831 |   4 |  640.0 |
               +--------+--------+--------+--------+--------+-----+--------+

Top non-repeatable levels by time:
     D:2: 970 daAuts
     D:1: 727 daAuts
     D:3: 720 daAuts
     D:4: 141 daAuts
